 Dungeon Crawl Stone Soup version 0.30-a0-748-ge6a52f7cba (webtiles) character file.

Game seed: 15900156322967580490

37238 bmack86 the Severer (level 13, 0/117 HPs)
             Began as a Minotaur Fighter on Feb 9, 2023.
             Was a High Priest of Okawaru.
             Slain by an eight-headed hydra (11 damage)
             ... summoned by a boggart
             ... on level 5 of the Lair of Beasts.
             The game lasted 00:38:55 (14614 turns).

bmack86 the Severer (Minotaur Fighter)             Turns: 14614, Time: 00:38:55

Health: 0/117      AC: 26    Str: 25    XL:     13   Next: 57%
Magic:  5/5        EV:  7    Int:  5    God:    Okawaru [*****.]
Gold:   856        SH: 11    Dex: 11    Spells: 12/12 levels left

rFire   . . .      SeeInvis .    S - +3 broad axe (antimagic)
rCold   . . .      Faith    .    c - +0 buckler
rNeg    . . .      Spirit   .    b - +0 plate armour
rPois   .          Reflect  +    C - +1 hat
rElec   .          Harm     .    y - +0 cloak
rCorr   .          Rampage  .    v - +2 pair of gloves
Will    +....                    W - +0 pair of boots Stlth
                                 J - amulet of reflection
HPRegen 0.39/turn                Q - ring of willpower
MPRegen 0.09/turn                r - +4 ring of protection

@: lethally poisoned (0 -> -7)
A: horns 2, retaliatory headbutt
a: Renounce Religion, Heroism, Finesse, Duel


You were on level 5 of the Lair of Beasts.
You worshipped Okawaru.
Okawaru was extremely pleased with you.
You visited 3 branches of the dungeon, and saw 16 of its levels.
You also visited: Ice Cave.

You collected 968 gold pieces.
You spent 112 gold pieces at shops.

Inventory:

Hand Weapons
 s - a +4 war axe of flaming
 M - a +0 vampiric war axe
 S - a +3 antimagic broad axe (weapon)
 U - a +1 war axe of venom
Missiles
 l - 19 poisoned darts (quivered)
 x - a throwing net
 T - 2 silver javelins
Armour
 b - a +0 plate armour (worn)
 c - a +0 buckler (worn)
 v - a +2 pair of gloves (worn)
 y - a +0 cloak (worn)
 C - a +1 hat (worn)
 W - a +0 pair of boots (worn)
Jewellery
 a - a ring of protection from fire
 f - a +6 ring of dexterity
 r - a +4 ring of protection (right hand)
 u - an amulet of guardian spirit
 A - a +6 ring of strength
 I - a ring of see invisible
 J - an amulet of reflection (around neck)
 K - a ring of resist corrosion
 L - a ring of positive energy
 N - an amulet of magic regeneration
 Q - a ring of willpower (left hand)
Wands
 g - a wand of roots (13)
 j - a wand of quicksilver (25)
 q - a wand of mindburst (1)
 w - a wand of polymorph (13)
 D - a wand of paralysis (7)
 H - a wand of flame (12)
Scrolls
 h - 2 scrolls of amnesia
 o - 7 scrolls of teleportation
 B - 2 scrolls of fog
 E - a scroll of blinking
 F - 3 scrolls of fear
 G - 2 scrolls of magic mapping
 V - a scroll of identify
Potions
 d - 7 potions of might
 e - 4 potions of resistance
 i - 4 potions of cancellation
 k - 5 potions of attraction
 m - a potion of lignification
 n - 5 potions of curing
 p - 2 potions of flight
 t - 7 potions of haste
 z - 2 potions of mutation
 O - a potion of heal wounds
 P - a potion of magic
 R - 2 potions of brilliance


   Skills:
 + Level 11.9 Fighting
 * Level 15.6 Axes
 + Level 7.1 Throwing
 + Level 11.7 Armour
 + Level 11.6 Shields
 + Level 7.1 Invocations
 - Level 4.9 Evocations


You had 12 spell levels left.
You didn't know any spells.
Your spell library contained the following spells:

 Spells                   Type           Power      Damage    Failure   Level
 Apportation              Tloc           0%         N/A       99%         1
 Freeze                   Ice            0%         1d3       99%         1
 Shock                    Conj/Air       0%         1d3       99%         1
 Ensorcelled Hibernation  Hex/Ice        0%         N/A       100%        2
 Passwall                 Tmut/Erth      0%         N/A       100%        2
 Dazzling Flash           Conj/Hex       0%         N/A       100%        3
 Frozen Ramparts          Ice            0%         1d1       100%        3
 Hailstorm                Conj/Ice       0%         3d3       100%        3
 Swiftness                Air            0%         N/A       100%        3
 Vhi's Electric Charge    Tloc/Air       0%         N/A       100%        3
 Airstrike                Air            0%         2d(0-16)  100%        4
 Ice Form                 Ice/Tmut       0%         N/A       100%        4
 Iskenderun's Mystic Bla  Conj/Tloc      0%         2d3       100%        4
 Alistair's Intoxication  Tmut/Pois      0%         N/A       100%        5
 Arcjolt                  Conj/Air       0%         1d10      100%        5
 Starburst                Conj/Fire      0%         6d3       100%        6
 Orb of Destruction       Conj           0%         9d5       100%        7
 Maxwell's Capacitive Co  Air            0%         ∞         100%        8
 Summon Guardian Golem    Hex/Summ       Unusable   N/A       N/A         3
 Simulacrum               Ice/Necr       Unusable   N/A       N/A         6
 Spellforged Servitor     Conj/Summ      Unusable   N/A       N/A         7

Dungeon Overview and Level Annotations

Branches:
Dungeon (10/15)            Temple (1/1) D:6            Lair (5/5) D:9
 Shoals (0/4) Lair:2        Snake (0/4) Lair:3        Slime (0/5) Lair:4
  IceCv (visited)
    Orc: D:9-12

Altars:
Cheibriados
Fedhas
Gozag
Kikubaaqudgha
Okawaru
Qazlal
Sif Muna
Yredelemnul
The Shining One
Jiyva

Shops:
D:5 ?   D:6 *


Innate Abilities, Weirdness & Mutations

You have a pair of horns on your head.
You reflexively headbutt those who attack you in melee.


Message History

The eight-headed hydra completely misses you.
The eight-headed hydra bites you but does no damage.
You block the spriggan rider's attack. You block the hornet's attack.
Unknown command.
You slash the hornet! Your headbutt misses the hornet.
The hornet is heavily wounded.
You closely miss something. You hit the spriggan rider. You slash the wolf!
You barely miss the eight-headed hydra.
You feel very sick. You block the wolf's attack.
Something hits you but does no damage.
The hornet stings you but does no damage.
The wolf barely misses you. You furiously retaliate!
You headbutt the wolf.
The eight-headed hydra barely misses you.
You furiously retaliate!
You headbutt the eight-headed hydra.
You block the eight-headed hydra's attack.
The eight-headed hydra bites you but does no damage. x2
The eight-headed hydra barely misses you.
The eight-headed hydra bites you but does no damage. x2
The eight-headed hydra bites you.
* * * LOW HITPOINT WARNING * * *
You block the spriggan rider's attack.
You hear some strange, mumbled words.
The hornet stings you but does no damage.
You feel yourself speed up.
You feel very sick. The hornet barely misses you.
The eight-headed hydra closely misses you.
You block the eight-headed hydra's attack.
The eight-headed hydra barely misses you.
The eight-headed hydra bites you.
* * * LOW HITPOINT WARNING * * *
The eight-headed hydra bites you.
* * * LOW HITPOINT WARNING * * *
You block the eight-headed hydra's attack.
The eight-headed hydra bites you but does no damage.
You block the eight-headed hydra's attack.
You block the wolf's attack.
The spriggan rider hits you but does no damage.
The hornet barely misses you. The eight-headed hydra bites you!
You die...

♣♣♣♣ ♣♣♣♣♣♣
....♣ ......
♣... ...... ♣
♣♣♣♣...... ♣
♣....$....
♣♣♣♣ ♣@D....♣
♣..)
♣♣♣hy...♣♣
♣.....♣♣
♣.i..♣♣♣♣
♣♣..♣♣
♣..♣.♣..♣♣♣
♣♣ ♣...
♣♣♣♣...♣♣♣
♣.♣ ♣♣♣...♣♣
. ♣♣...♣♣
♣♣♣♣ ♣
♣♣♣..♣♣♣..♣♣♣
♣♣♣........


You could see an eight-headed hydra (summoned), a spriggan rider, a hornet and a
wolf.

Vanquished Creatures
  Snorg (D:10)
  A hydra (Lair:2)
  A catoblepas (Lair:2)
  A two-headed ogre (D:9)
  15 death yaks
  Pikel (D:6)
  A necromancer (Lair:2)
  An ugly thing (IceCv)
  An elephant (D:9)
  Maurice (D:9)
  2 black mambas
  Maggie (D:7)
  9 cane toads
  A rime drake (Lair:1)
  An anaconda simulacrum (IceCv)
  3 hornets
  3 polar bears (Lair:5)
  Grinder (D:6)
  9 blink frogs
  A dream sheep (Lair:5)
  7 spriggans
  7 wyverns
  39 yaks
  Eustachio (D:6)
  Grum (Lair:1)
  4 basilisks
  A death yak simulacrum (IceCv)
  3 steam dragons
  3 vampire mosquitoes (D:10)
  Menkaure (D:6)
  A harpy simulacrum (IceCv)
  2 acid dragons
  6 nagas (Lair:3)
  Edmund (D:4)
  6 water moccasins
  An ice beast (D:5)
  An orc warrior (D:9)
  3 black bears
  A boggart (Lair:5)
  14 wolves
  5 centaurs
  4 ogres
  3 lemures (D:6)
  A phantom (D:5)
  A kobold brigand (D:7)
  Blork the orc (D:6)
  15 bullfrogs
  A gnoll sergeant (D:10)
  3 cane toad simulacra
  6 scorpions
  3 wights (D:9)
  16 killer bees
  5 howler monkeys
  An electric eel (Lair:2)
  4 hounds
  Crazy Yiuf (D:5)
  A gnoll bouda (D:7)
  5 orc priests
  3 jellies
  2 iguanas (D:5)
  4 yak simulacra (Lair:2)
  2 orc wizards
  A polar bear simulacrum (Lair:2)
  3 wolf simulacra (Lair:2)
  7 gnolls
  11 adders
  2 shadow imps
  A white imp (D:4)
  3 ufetubi
  2 worms (D:4)
  2 dart slugs
  12 orcs
  3 ball pythons
  7 bats
  7 endoplasms
  4 giant cockroaches
  2 goblins (D:2)
  4 hobgoblins
  6 jackals
  7 quokkas
  8 frilled lizards
  9 kobolds
  5 rats
  3 river rat simulacra (Lair:2)
354 creatures vanquished.

Vanquished Creatures (others)
  A human (D:5)
  11 fungi
  5 plants
17 creatures vanquished.

Grand Total: 371 creatures vanquished

Notes
Turn   | Place    | Note
-------+----------+-------------------------------------------
     0 | D:1      | bmack86 the Minotaur Fighter began the quest for the Orb.
     0 | D:1      | Reached XP level 1. HP: 19/19 MP: 0/0
   198 | D:1      | Found a faded altar of an unknown god.
   289 | D:1      | Reached XP level 2. HP: 27/27 MP: 1/1
   326 | D:1      | Reached skill level 3 in Axes
   651 | D:2      | Reached XP level 3. HP: 33/33 MP: 2/2
   769 | D:2      | Identified the +8 dagger "Hext" {spect, *Corrode rElec rN+}
  1434 | D:3      | Reached XP level 4. HP: 40/40 MP: 3/3
  1838 | D:3      | Reached skill level 4 in Axes
  2165 | D:4      | Noticed a black bear
  2168 | D:4      | Reached skill level 1 in Evocations
  2172 | D:4      | Killed a black bear
  2173 | D:4      | Reached XP level 5. HP: 39/47 MP: 2/4
  2297 | D:4      | Reached skill level 5 in Axes
  2297 | D:4      | Reached XP level 6. HP: 53/53 MP: 5/5
  2515 | D:4      | Noticed Edmund
  2526 | D:4      | Killed Edmund
  2527 | D:4      | Reached skill level 5 in Fighting
  2527 | D:4      | Reached skill level 5 in Armour
  2527 | D:4      | Reached skill level 5 in Shields
  2964 | D:5      | Entered Level 5 of the Dungeon
  3030 | D:5      | Reached XP level 7. HP: 56/61 MP: 4/6
  3165 | D:5      | Reached skill level 6 in Axes
  3562 | D:5      | Found an ancient bone altar of Kikubaaqudgha.
  3563 | D:5      | Noticed a human
  3565 | D:5      | Killed a human
  3588 | D:5      | Noticed a hornet
  3597 | D:5      | Paralysed by a hornet for 2 turns
  3600 | D:5      | Killed a hornet
  3601 | D:5      | Reached skill level 7 in Axes
  3601 | D:5      | Reached XP level 8. HP: 21/70 MP: 3/7
  4053 | D:5      | Found The Oracle's Delphic Readings.
  4058 | D:5      | Bought a scroll of enchant weapon for 112 gold pieces
  4181 | D:5      | Found a runed translucent door.
  4182 | D:5      | Noticed Crazy Yiuf
  4281 | D:5      | Killed Crazy Yiuf
  4311 | D:6      | Found a staircase to the Ecumenical Temple.
  4313 | D:6      | Noticed Menkaure
  4325 | D:6      | Killed Menkaure
  4339 | D:6      | Noticed Grinder
  4343 | D:6      | Reached skill level 8 in Axes
  4349 | D:6      | HP: 1/71 [ogre/+0 giant spiked club (20)]
  4579 | D:6      | Paralysed by Grinder for 5 turns
  4761 | D:6      | Killed Grinder
  4835 | D:7      | Noticed a hornet
  4851 | D:7      | Killed a hornet
  4852 | D:7      | Reached XP level 9. HP: 44/78 MP: 5/8
  4870 | Temple   | Entered the Ecumenical Temple
  4961 | Temple   | Became a worshipper of Warmaster Okawaru
  5135 | D:6      | Noticed Blork the orc
  5145 | D:6      | Killed Blork the orc
  5145 | D:6      | Noticed Pikel
  5154 | D:6      | Noticed Eustachio
  5161 | D:6      | Killed Pikel
  5162 | D:6      | Reached skill level 9 in Axes
  5186 | D:6      | Killed Eustachio
  5722 | D:6      | Found Cejidius's Assorted Antiques.
  5822 | D:7      | Noticed Maggie
  5833 | D:7      | Killed Maggie
  5833 | D:7      | Reached * piety under Okawaru
  5834 | D:7      | Reached skill level 10 in Axes
  6289 | D:7      | Reached XP level 10. HP: 69/88 MP: 9/9
  6351 | D:7      | Reached skill level 1 in Invocations
  6352 | D:7      | Reached skill level 1 in Throwing
  6902 | D:8      | Reached ** piety under Okawaru
  7014 | D:8      | Identified the +7 long sword "Ebacud" {drain, Fly rPois
                  | Int-2 SInv}
  7267 | D:8      | Reached skill level 11 in Axes
  7349 | D:8      | Found a basalt altar of Yredelemnul.
  7355 | D:8      | Found a blossoming altar of Fedhas.
  7860 | D:9      | Found a staircase to the Lair.
  7860 | D:9      | Noticed an elephant
  7883 | D:9      | Killed an elephant
  8061 | D:9      | Noticed a two-headed ogre
  8072 | D:9      | Killed a two-headed ogre
  8072 | D:9      | Reached *** piety under Okawaru
  8309 | D:9      | Found an opulent altar of Gozag.
  8504 | D:9      | Reached XP level 11. HP: 96/97 MP: 12/12
  8564 | D:9      | Found a snail-covered altar of Cheibriados.
  8580 | D:9      | Noticed Maurice
  8584 | D:9      | Paralysed by something for 5 turns
  8601 | D:9      | Killed Maurice
  8653 | D:9      | Reached skill level 12 in Axes
  8721 | D:10     | Entered Level 10 of the Dungeon
  8883 | D:10     | Reached **** piety under Okawaru
  9104 | D:10     | Noticed Snorg
  9116 | D:10     | Killed Snorg
  9142 | D:10     | Found a shimmering blue altar of Sif Muna.
  9224 | Lair:1   | Entered Level 1 of the Lair of Beasts
  9228 | Lair:1   | Noticed Grum
  9245 | Lair:1   | Killed Grum
  9309 | Lair:1   | Reached ***** piety under Okawaru
  9333 | Lair:1   | Reached skill level 13 in Axes
  9349 | Lair:1   | Reached skill level 10 in Fighting
  9492 | Lair:1   | Reached skill level 10 in Armour
  9640 | Lair:1   | Reached skill level 10 in Shields
  9644 | Lair:1   | Reached skill level 5 in Throwing
  9644 | Lair:1   | Reached XP level 12. HP: 106/106 MP: 14/14
 10218 | Lair:2   | Reached skill level 5 in Invocations
 10232 | Lair:2   | Received a gift from Okawaru
 10399 | Lair:2   | Found the +12 glaive of Prune {freeze, Prune}
 10407 | Lair:2   | Noticed a death yak
 10407 | Lair:2   | Noticed a death yak
 10408 | Lair:2   | Noticed a death yak
 10409 | Lair:2   | Noticed a death yak
 10413 | Lair:2   | Killed a death yak
 10421 | Lair:2   | Killed a death yak
 10422 | Lair:2   | Killed a death yak
 10427 | Lair:2   | Killed a death yak
 10428 | Lair:2   | Reached skill level 14 in Axes
 10608 | Lair:2   | Noticed a death yak
 10610 | Lair:2   | Noticed a catoblepas
 10611 | Lair:2   | Noticed a death yak
 10615 | Lair:2   | Noticed a death yak
 10615 | Lair:2   | Noticed a death yak
 10619 | Lair:2   | Noticed a death yak
 10634 | Lair:2   | Killed a death yak
 10635 | Lair:2   | Killed a death yak
 10638 | Lair:2   | Killed a catoblepas
 10638 | Lair:2   | Identified the +6 hand crossbow "Adworyn" {drain, rF+ rC+
                  | Str+2} (Okawaru gifted it to you on level 2 of the Lair of
                  | Beasts)
 10638 | Lair:2   | Received a gift from Okawaru
 10641 | Lair:2   | Killed a death yak
 10647 | Lair:2   | Killed a death yak
 10648 | Lair:2   | Killed a death yak
 11087 | Lair:2   | Found a staircase to the Shoals.
 11109 | Lair:2   | Noticed a four-headed hydra
 11117 | Lair:2   | Killed a one-headed hydra
 11675 | Lair:3   | Noticed a death yak
 11676 | Lair:3   | Noticed a death yak
 11677 | Lair:3   | Noticed a death yak
 11677 | Lair:3   | Noticed a death yak
 11680 | Lair:3   | Noticed a death yak
 11682 | Lair:3   | Noticed a death yak
 11685 | Lair:3   | Killed a death yak
 11695 | Lair:3   | Killed a death yak
 11695 | Lair:3   | Received a gift from Okawaru
 11709 | Lair:3   | Killed a death yak
 11710 | Lair:3   | Reached XP level 13. HP: 101/116 MP: 16/16
 11732 | Lair:3   | Received a gift from Okawaru
 11887 | Lair:3   | Reached skill level 15 in Axes
 12184 | Lair:3   | Found a staircase to the Snake Pit.
 13206 | Lair:4   | Found a glowing golden altar of the Shining One.
 13388 | Lair:4   | Found a frozen archway.
 13458 | IceCv    | Entered an ice cave
 13478 | IceCv    | Found a transporter.
 13488 | IceCv    | Found a transporter.
 13696 | Lair:4   | Found a viscous altar of Jiyva.
 13696 | Lair:4   | Found a staircase to the Slime Pits.
 14268 | Lair:5   | Entered Level 5 of the Lair of Beasts
 14451 | Lair:5   | Received a gift from Okawaru
 14609 | Lair:5   | Paralysed by a hornet for 3 turns
 14614 | Lair:5   | Slain by an eight-headed hydra

Illustrated notes

Levels and vault maps discovered:
D:1:      dpeg_arrival_rhombus, layout_rooms, chequers_ecumenical_altar_lobes
D:2:      minmay_alternating_diamond, layout_basic, minmay_small_reverse_x
D:3:      layout_loops_ring
D:4:      layout_basic, nrook_loot_triangle, uniq_edmund
D:5:      layout_basic, tgw_kikubaaqudgha, nicolae_nh_oracle_at_delphi,
          uniq_crazy_yiuf_cottage
D:6:      layout_basic, minmay_temple_entry_from_below_a, serial_shops,
          nicolae_diamond_shop, uniq_grinder, uniq_eustachio, uniq_menkaure,
          uniq_pikel, uniq_blork_the_orc
D:7:      layout_basic, serial_demonic, serial_demonic_b, serial_demonic_g,
          serial_demonic_c, serial_demonic_e, the_hattery, uniq_maggie
D:8:      layout_rooms, chequers_temple_overflow_statue_of_worship,
          serial_rivers, chequers_serial_rivers_large_b,
          chequers_serial_rivers_large_a, chequers_serial_rivers_room_b,
          chequers_serial_rivers_micro_c, chequers_serial_rivers_micro_d
D:9:      layout_roguey, grunt_gozag_statues, general_overflow_altar,
          david_lair_generic, uniq_maurice
D:10:     layout_rooms, nicolae_sif_muna_little_library, uniq_snorg
Temple:   nicolae_temple_superstar
Lair:1:   layout_misc_corridors, eino_small_chamber_without_monster,
          eino_small_chamber_without_monster, serial_bayou_shore_a, uniq_grum
Lair:2:   layout_roguey, shoals_dummy_entry, eino_house_with_fridge,
          lemuel_fruit_tree, infiniplex_staircase_pool, grunt_megastairs_5
Lair:3:   layout_loops_ring, minmay_snake_entry_guardpost_large,
          wad_woods_road_03, chequers_serial_rivers_room_b, serial_bayou_shore_b
Lair:4:   layout_cave_pods, nicolae_slime_entry_slimehenge, basic_altar,
          portal_ice_cave_entry_ice_simulacra
Lair:5:   minmay_lair_end_enchanted_forest, layout_hall_layers, uniq_urug

Skill      XL: |  1  2  3  4  5  6  7  8  9 10 11 12 13 |
---------------+----------------------------------------+-----
Axes           | 3 4 5 7 8 10 11 13 14 15 | 15.6
Fighting       | 4 5 6 8 9 10 11 | 11.9
Armour         | 4 5 6 7 8 10 11 | 11.7
Shields        | 4 5 6 7 9 10 11 | 11.6
Evocations     | 1 2 3 4 |  4.9
Invocations    | 3 4 6 7 |  7.1
Throwing       | 3 5 6 7 |  7.1

Action                     |  1- 3 |  4- 6 |  7- 9 | 10-12 | 13-15 || total
---------------------------+-------+-------+-------+-------+-------++-------
  Melee: War axe           |    83 |   117 |   205 |   450 |    22 ||   877
         Headbutt          |     8 |    18 |    49 |   108 |    61 ||   244
         Broad axe         |       |       |       |       |   290 ||   290
  Throw: Dart              |       |       |     7 |     8 |     4 ||    19
         Throwing net      |       |       |     1 |       |       ||     1
 Invoke: Heroism           |       |       |     1 |    11 |     1 ||    13
    Use: Scroll            |     2 |     9 |     2 |    12 |     2 ||    27
         Potion            |       |       |       |     1 |     2 ||     3
   Stab: Petrified         |       |       |       |     6 |       ||     6
 Armour: Scale mail        |    49 |    22 |       |       |       ||    71
         Chain mail        |       |    51 |    55 |       |       ||   106
         Plate armour      |       |       |   113 |   320 |   185 ||   618
  Dodge: Dodged            |    54 |    42 |    71 |   161 |    79 ||   407
  Block: Buckler           |    27 |    36 |    67 |   317 |   171 ||   618
         Reflection        |       |       |       |     7 |     3 ||    10

Table legend: (Time is in decaauts)
 A = Elapsed time spent in this place.
 B = Non-inter-level travel time spent in this place.
 C = Inter-level travel time spent in this place.
 D = Time resting spent in this place.
 E = Time spent auto-exploring this place.
 F = Levels seen in this place.
 G = Mean time per level.
                   A        B        C        D        E       F      G
               +--------+--------+--------+--------+--------+-----+--------+
         Total |  14657 |  14238 |    419 |   1287 |   8897 |  17 |  862.2 |
       Dungeon |   9252 |   8914 |    338 |    752 |   5504 |  10 |  925.2 |
        Temple |    100 |    100 |      0 |      0 |     82 |   1 |  100.0 |
          Lair |   5239 |   5159 |     80 |    535 |   3311 |   5 | 1047.8 |
      Ice Cave |     64 |     64 |      0 |      0 |      0 |   1 |   64.0 |
               +--------+--------+--------+--------+--------+-----+--------+

Top non-repeatable levels by time:
     D:5: 1721 daAuts
  Lair:2: 1423 daAuts
  Lair:4: 1296 daAuts
  Lair:3: 1223 daAuts
     D:7: 1174 daAuts
     D:8: 998 daAuts
  Lair:1: 981 daAuts
     D:6: 943 daAuts
     D:9: 927 daAuts
     D:4: 902 daAuts
     D:2: 836 daAuts
     D:3: 810 daAuts
     D:1: 479 daAuts
    D:10: 459 daAuts
  Lair:5: 315 daAuts
